 Dungeon Crawl Stone Soup version 0.29-a0-234-g0dae59b3db (webtiles) character file.

Game seed: 2852068716278263806

3014 Ordine the Basher (level 9, -16/85 HPs)
             Began as a Tengu Fighter on Mar 2, 2022.
             Was a Follower of Okawaru.
             Demolished by a boulder beetle (18 damage)
             ... on level 7 of the Dungeon.
             The game lasted 00:15:28 (5186 turns).

Ordine the Basher (Tengu Fighter)                   Turns: 5186, Time: 00:15:28

Health: -16/85     AC: 24    Str: 20    XL:     9   Next: 85%
Magic:  10/10      EV:  2    Int:  8    God:    Okawaru [*.....]
Gold:   357        SH:  5    Dex: 15    Spells: 8/8 levels left

rFire   . . .      SeeInvis .   d - +1 flail (vorpal)
rCold   . . .      Faith    .   c - +0 buckler
rNeg    . . .      Spirit   .   (body armour currently unavailable)
rPois   +          Reflect  .   (helmet currently unavailable)
rElec   .          Harm     .   (cloak currently unavailable)
rCorr   .          Rampage  .   (gloves currently unavailable)
Will    +....      NoTele   +   (boots unavailable)
Stlth   +.........              h - amulet of regeneration
HPRegen 1.04/turn               w - ring of willpower
MPRegen 0.12/turn               (no ring)

@: tree-form
A: stationary, stasis, torment immunity, boosted hp, (beak), (talons 3), nimble
flight
a: Renounce Religion, Heroism


You were on level 7 of the Dungeon.
You worshipped Okawaru.
Okawaru was aware of your devotion.
You were a tree.
You visited 2 branches of the dungeon, and saw 8 of its levels.

You collected 357 gold pieces.

Inventory:

Hand Weapons
 d - a +1 vorpal flail (weapon)
Missiles
 a - a throwing net
 o - a curare-tipped dart
 r - 5 poisoned darts
 s - 5 atropa-tipped darts
 y - 12 boomerangs (quivered)
Armour
 b - a +0 scale mail (melded)
 c - a +0 buckler (worn)
 l - a +0 pair of gloves (melded)
 x - a +0 kite shield
Jewellery
 h - an amulet of regeneration (around neck)
 u - a ring of ice
 w - a ring of willpower (left branch)
 C - a ring of magical power
Wands
 k - a wand of flame (18)
 B - a wand of mindburst (13)
Scrolls
 f - a scroll of immolation {unknown}
 j - 5 scrolls of magic mapping
 m - a scroll of teleportation {unknown}
 n - a scroll of blinking {unknown}
 t - a scroll of enchant armour {unknown}
 v - a scroll of fog {unknown}
 A - a scroll of silence {unknown}
Potions
 e - a potion of brilliance
 g - a potion of attraction {unknown}
 p - a potion of haste
 q - 2 potions of cancellation
 D - 2 potions of mutation {unknown}
 E - a potion of curing {unknown}


   Skills:
 + Level 7.3 Fighting
 * Level 10.6 Maces & Flails
 + Level 6.5 Throwing
 - Level 3.2 Armour
 - Level 3.0 Shields


You had 8 spell levels left.
You didn't know any spells.
Your spell library contained the following spells:

 Spells                   Type           Power      Damage    Failure   Level
 Sandblast                Erth           0%         2d4       50%         1
 Passwall                 Tmut/Erth      0%         N/A       65%         2
 Dazzling Flash           Conj/Hex       0%         N/A       86%         3
 Stone Arrow              Conj/Erth      0%         3d7       86%         3
 Iskenderun's Mystic Bla  Conj/Tloc      0%         2d3       99%         4
 Starburst                Conj/Fire      0%         6d3       100%        6


Dungeon Overview and Level Annotations

Branches:
Dungeon (7/15)             Temple (1/1) D:6

Altars:
Ashenzari
Cheibriados
Dithmenos
Elyvilon
Fedhas
Gozag
Hepliaklqana
Nemelex Xobeh
Okawaru
Qazlal
Sif Muna
Trog
Uskayaw
Vehumet
Wu Jian
Xom
Yredelemnul
Zin
The Shining One

Shops:
D:4 :


Innate Abilities, Weirdness & Mutations

You are a tree.
Your roots penetrate the ground, keeping you stationary.
You cannot be teleported.
You are immune to unholy pain and torment.
Your maximum health is greatly increased.
Your equipment is partially melded.
((You have a beak for a mouth.))
((You have claws for feet.))
Your magical nature lets you fly swiftly and evasively.


Message History

Your +0 scale mail melds into your body.
Your roots penetrate the ground.
The boulder beetle bites you but does no damage.
You hit the boulder beetle but do no damage.
The boulder beetle leaps!
You sock the yak!
The yak is moderately wounded.
The yak barely misses you.
You hit the yak.
The yak is heavily wounded.
You block the yak's attack.
You barely miss the yak.
The yak is heavily wounded.
You sock the yak!
The yak is almost dead.
The yak gores you.
You hit the yak.
You kill the yak!
Okawaru accepts your kill.
You hit the boulder beetle.
The boulder beetle is lightly wounded.
The boulder beetle leaps!
You hit the boulder beetle but do no damage.
The boulder beetle is lightly wounded.
The boulder beetle bites you!
You hit the boulder beetle.
The boulder beetle is lightly wounded.
You sock the boulder beetle!
The boulder beetle is heavily wounded.
The boulder beetle bites you!!
* * * LOW HITPOINT WARNING * * *
You sock the boulder beetle!
The boulder beetle is heavily wounded.
The boulder beetle bites you!
* * * LOW HITPOINT WARNING * * *
Okay, then.
You barely miss the boulder beetle.
The boulder beetle is heavily wounded.
The boulder beetle bites you!!
You die...

. ....########
####### ##
.......♣B..###.....#
#.
.[###.####..##.....##
#. .. ##.........# #.
## ####......###.
..####.###...##
..........#..##
..........##...
#........##...
#........###..


You could see a boulder beetle.

Vanquished Creatures
  Prince Ribbit (D:6)
  The ghost of hemabe71 the Charlatan, an amateur HuAr (D:3)
  Sigmund (D:5)
  3 yaks (D:7)
  Menkaure (D:6)
  Edmund (D:4)
  2 water moccasins (D:7)
  Duvessa (D:5)
  3 ogres
  A centaur (D:6)
  A kobold brigand (D:7)
  A gnoll sergeant (D:6)
  A necrophage (D:3)
  2 scorpions (D:6)
  Dowan (D:5)
  3 killer bees (D:7)
  A howler monkey (D:6)
  2 bullfrog zombies (D:3)
  A jelly (D:7)
  3 hounds
  An orc priest (D:6)
  A bullfrog skeleton (D:3)
  Natasha (thrice) (D:4)
  4 iguanas
  4 orc wizards
  4 gnolls (D:6)
  4 adders
  2 worms (D:2)
  10 orcs
  7 endoplasms
  3 giant cockroaches
  6 goblins
  2 hobgoblins
  2 quokkas
  9 ball pythons
  3 bats
  2 frilled lizards (D:2)
  13 kobolds
  A rat (D:3)
112 creatures vanquished.

Vanquished Creatures (others)
  A plant (D:2)
1 creature vanquished.

Grand Total: 113 creatures vanquished

Notes
Turn   | Place    | Note
-------+----------+-------------------------------------------
     0 | D:1      | Ordine the Tengu Fighter began the quest for the Orb.
     0 | D:1      | Reached XP level 1. HP: 14/14 MP: 2/2
   345 | D:1      | Reached XP level 2. HP: 19/19 MP: 3/3
   949 | D:2      | Reached skill level 3 in Maces & Flails
   953 | D:2      | Reached skill level 1 in Throwing
   990 | D:2      | Reached XP level 3. HP: 23/23 MP: 4/4
  1060 | D:2      | Found a faded altar of an unknown god.
  1446 | D:2      | Reached XP level 4. HP: 25/28 MP: 5/5
  1575 | D:3      | Found a transporter.
  1578 | D:3      | Noticed hemabe71's ghost (amateur HuAr)
  1582 | D:3      | Noticed a necrophage
  2281 | D:3      | Found a transporter.
  2295 | D:3      | Killed a necrophage
  2296 | D:3      | Reached skill level 4 in Maces & Flails
  2296 | D:3      | Gained mutation: Your magical nature lets you fly swiftly
                  | and evasively. [Tengu growth]
  2296 | D:3      | Reached XP level 5. HP: 32/33 MP: 6/6
  2306 | D:3      | Killed hemabe71's ghost
  2307 | D:3      | Reached skill level 5 in Maces & Flails
  2307 | D:3      | Reached XP level 6. HP: 38/38 MP: 7/7
  2369 | D:4      | Noticed Natasha
  2379 | D:4      | Killed Natasha
  2380 | D:4      | Reached XP level 7. HP: 38/44 MP: 8/8
  2434 | D:4      | Noticed Natasha
  2451 | D:4      | Noticed Edmund
  2453 | D:4      | Reached skill level 6 in Maces & Flails
  2469 | D:4      | Killed Natasha
  2474 | D:4      | HP: 2/44 [Edmund/+1 vorpal flail (5)]
  2475 | D:4      | Killed Edmund
  2600 | D:4      | Found Ticw's Book Emporium.
  2847 | D:4      | Noticed Natasha
  2853 | D:4      | Killed Natasha
  3037 | D:5      | Entered Level 5 of the Dungeon
  3037 | D:5      | Noticed Sigmund
  3044 | D:5      | Killed Sigmund
  3045 | D:5      | Reached skill level 5 in Fighting
  3151 | D:5      | Reached skill level 7 in Maces & Flails
  3188 | D:5      | Reached XP level 8. HP: 48/49 MP: 9/9
  3497 | D:5      | Noticed Duvessa
  3497 | D:5      | Noticed Dowan
  3513 | D:5      | Killed Duvessa
  3519 | D:5      | Killed Dowan
  3699 | D:6      | Noticed Menkaure
  3715 | D:6      | Killed Menkaure
  3716 | D:6      | Reached skill level 8 in Maces & Flails
  3829 | D:6      | Noticed Prince Ribbit
  3842 | D:6      | Killed Prince Ribbit
  3843 | D:6      | Reached skill level 5 in Throwing
  4036 | D:6      | Reached skill level 9 in Maces & Flails
  4036 | D:6      | Reached XP level 9. HP: 33/56 MP: 10/10
  4181 | D:6      | Found a staircase to the Ecumenical Temple.
  4187 | Temple   | Entered the Ecumenical Temple
  4241 | Temple   | Became a worshipper of Warmaster Okawaru
  4926 | D:7      | Reached skill level 10 in Maces & Flails
  4928 | D:7      | Reached * piety under Okawaru
  5154 | D:7      | Noticed a boulder beetle
  5185 | D:7      | HP: 1/85 [boulder beetle (9)]
  5186 | D:7      | Demolished by a boulder beetle

Illustrated notes

Levels and vault maps discovered:
D:1:      minmay_arrival_jagged, layout_loops_ring, serial_forest,
          infiniplex_forest_straight_1, infiniplex_forest_zigzag_1,
          infiniplex_forest_clump_tiny, infiniplex_forest_lined_2,
          infiniplex_forest_lined_corner, infiniplex_forest_corner_1,
          infiniplex_forest_lined_2, palyth_stone_intersect,
          nicolae_figureground_sparkle
D:2:      layout_basic, shapermc_ecumenical_altar_ellora
D:3:      layout_basic, gammafunk_ghost_mausoleum
D:4:      layout_basic, serial_shops, nicolae_shop_behind_doors, uniq_natasha,
          uniq_edmund
D:5:      layout_loops_cross, minmay_liquid_box, uniq_sigmund, uniq_duvessa
D:6:      layout_cave_pods, minmay_temple_entry_wispy, minmay_statues_item,
          kennysheep_nondescript, uniq_prince_ribbit1, uniq_menkaure
D:7:      layout_rooms
Temple:   mainiacjoe_temple_bowtie_tessellation

Skill      XL: |  1  2  3  4  5  6  7  8  9 |
---------------+----------------------------+-----
Maces & Flails | 3 4 5 7 9 10 | 10.6
Throwing       | 1 2 3 4 5 6 |  6.5
Fighting       | 4 5 6 7 |  7.3
Armour         | |  3.2
Shields        | |  3.0

Action                   |  1- 3 |  4- 6 |  7- 9 || total
-------------------------+-------+-------+-------++-------
Melee: Flail             |    65 |    56 |   230 ||   351
       Kick              |    11 |     5 |    65 ||    81
       Peck              |     8 |     8 |    41 ||    57
  Use: Potion            |       |     1 |     4 ||     5
       Scroll            |       |       |     6 ||     6
Armor: Scale mail        |    33 |    26 |    54 ||   113
       Skin              |       |       |     1 ||     1
Dodge: Dodged            |    17 |    19 |    80 ||   116
Block: Buckler           |     7 |    13 |    47 ||    67

Table legend: (Time is in decaauts)
 A = Elapsed time spent in this place.
 B = Non-inter-level travel time spent in this place.
 C = Inter-level travel time spent in this place.
 D = Time resting spent in this place.
 E = Time spent auto-exploring this place.
 F = Levels seen in this place.
 G = Mean time per level.
                   A        B        C        D        E       F      G
               +--------+--------+--------+--------+--------+-----+--------+
         Total |   5000 |   4701 |    299 |     41 |   3717 |   8 |  625.0 |
       Dungeon |   4809 |   4528 |    281 |     41 |   3559 |   7 |  687.0 |
        Temple |    190 |    172 |     18 |      0 |    158 |   1 |  190.0 |
               +--------+--------+--------+--------+--------+-----+--------+

Top non-repeatable levels by time:
     D:1: 927 daAuts
     D:6: 886 daAuts
     D:3: 833 daAuts
     D:4: 644 daAuts
     D:2: 617 daAuts
     D:5: 582 daAuts
     D:7: 317 daAuts
  Temple: 190 daAuts
